 Dungeon Crawl Stone Soup version 0.27-a0-890-ged2907cb04 (webtiles) character file.

Game seed: 3780193071824658611

158 Kakkamies the Shield-Bearer (level 5, -3/43 HPs)
             Began as a Formicid Fighter on Apr 5, 2021.
             Slain by an acid dragon (4 damage)
             ... on level 4 of the Dungeon.
             The game lasted 00:06:30 (3216 turns).

Kakkamies the Shield-Bearer (Formicid Fighter)      Turns: 3216, Time: 00:06:31

Health: -3/43      AC:  7    Str: 21    XL:     5   Next: 67%
Magic:  5/5        EV:  8    Int:  7    God:
Gold:   182        SH:  9    Dex: 11    Spells: 4/4 levels left

rFire    . . .     SeeInvis +   a - +0 trident
rCold    . . .     Faith    .   c - +0 kite shield
rNeg     . . .     Spirit   .   b - +0 scale mail
rPois    .         Reflect  .   (helmet unavailable)
rElec    .         Harm     .   (no cloak)
rCorr    .         Rampage  .   (no gloves)
Will     .....                  (no boots)
Stlth    ..........             (no amulet)
HPRegen  0.14/turn              (no ring)
MPRegen  0.09/turn              (no ring)

@: no status effects
A: permanent stasis, dig shafts and tunnels, antennae 3, four strong arms
a: Dig, Shaft Self


You were on level 4 of the Dungeon.
You visited 1 branch of the dungeon, and saw 4 of its levels.
You also visited: Sewer.

You collected 182 gold pieces.

Inventory:

Hand Weapons
 a - a +0 trident (weapon)
 h - a +0 hunting sling
Missiles
 d - 15 poisoned darts (quivered)
 f - 41 bolts
 g - 51 stones
 j - 2 throwing nets
Armour
 b - a +0 scale mail (worn)
 c - a +0 kite shield (worn)
Jewellery
 k - a +6 ring of dexterity
 t - an amulet of reflection
Scrolls
 o - 3 scrolls of immolation {unknown}
 q - a scroll of blinking {unknown}
 r - a scroll of fog {unknown}
 s - a scroll of identify
Potions
 e - 4 potions of lignification
 i - 6 potions of curing {unknown}
 l - 2 potions of mutation {unknown}
 m - a potion of ambrosia {unknown}
 n - 2 potions of flight
 p - a potion of heal wounds {unknown}


   Skills:
 + Level 4.4 Fighting
 + Level 3.2 Polearms
 + Level 4.0 Armour
 + Level 0.6 Dodging
 - Level 0.4 Stealth
 + Level 4.5 Shields


You had 4 spell levels left.
You didn't know any spells.
Your spell library was empty.

Dungeon Overview and Level Annotations

Branches:
Dungeon (4/15)              Sewer (visited)
 Temple: D:4-7

Altars:
Uskayaw


Innate Abilities, Weirdness & Mutations

You cannot be hasted, slowed, berserked, paralysed or teleported.
You can dig through walls and to a lower floor.
You have a pair of large antennae on your head. (SInv)
Your four strong arms can wield two-handed weapons with a shield.


Message History

You reach to attack!
You hit the giant cockroach.
You kill the giant cockroach!
The acid dragon spits acid at you. The splash of acid hits you!
You are splashed with acid!
An endoplasm comes into view.
You reach to attack!
You hit the acid dragon.
The acid dragon is lightly wounded.
You completely miss the acid dragon.
The acid dragon is lightly wounded.
The acid dragon bites you! The acid dragon closely misses you.
You are too injured to fight recklessly!
You are too injured to fight recklessly!
You barely miss the acid dragon.
The acid dragon is lightly wounded.
You block the acid dragon's attack.
The acid dragon claws you but does no damage.
You hit the acid dragon but do no damage.
The acid dragon is lightly wounded.
The acid dragon spits acid at you. The splash of acid misses you.
The acid dragon bites you. You block the acid dragon's attack.
You are too injured to fight recklessly!
You hit the acid dragon but do no damage.
The acid dragon is lightly wounded.
You block the acid dragon's attack.
The acid dragon claws you but does no damage.
You barely miss the acid dragon.
The acid dragon is lightly wounded.
The endoplasm freezes you.
You are frozen.
The acid dragon barely misses you. The acid dragon claws you.
* * * LOW HITPOINT WARNING * * *
You hit the acid dragon.
The acid dragon is moderately wounded.
The endoplasm freezes you.
You are frozen.
* * * LOW HITPOINT WARNING * * *
The acid dragon bites you!
* * * LOW HITPOINT WARNING * * *
The acid dragon claws you.
You die...

.##.... ...... ..
.......##.... ...
.......?#...#....
...........#....
#..........=...
#..............
#...........
#D@.<.......
.......J.........
##..........##...
#............. .
................
.###.............
#..##..........
... ...........


You could see an acid dragon and an endoplasm.

Vanquished Creatures
  A kobold brigand (Sewer)
  A gnoll (D:1)
  An adder (D:3)
  A river rat (D:3)
  2 worms
  A dart slug (D:2)
  2 orcs (D:3)
  An endoplasm (D:3)
  4 giant cockroaches
  2 goblins
  8 hobgoblins
  2 jackals (Sewer)
  A quokka (D:3)
  A ball python (D:1)
  4 bats
  4 frilled lizards
  6 kobolds
  14 rats
56 creatures vanquished.

Notes
Turn   | Place    | Note
-------+----------+-------------------------------------------
     0 | D:1      | Kakkamies the Formicid Fighter began the quest for the Orb.
     0 | D:1      | Reached XP level 1. HP: 18/18 MP: 1/1
   175 | D:1      | Reached XP level 2. HP: 24/24 MP: 2/2
   641 | D:1      | Reached XP level 3. HP: 29/30 MP: 3/3
  1569 | D:3      | Reached XP level 4. HP: 23/37 MP: 4/4
  1718 | D:3      | Found a glowing drain.
  1722 | Sewer    | Entered a sewer
  1884 | Sewer    | Noticed a kobold brigand
  1936 | Sewer    | Killed a kobold brigand
  1937 | Sewer    | Reached XP level 5. HP: 13/43 MP: 5/5
  2331 | Sewer    | Found a glowing silver altar of Zin.
  3058 | D:3      | Noticed a +0 falchion
  3058 | D:3      | Noticed a +0 spear
  3064 | D:3      | Noticed a +0 falchion
  3065 | D:3      | Noticed a +0 dagger
  3066 | D:3      | Noticed a +0 spear
  3066 | D:3      | Noticed a +0 dagger
  3066 | D:3      | Noticed a +0 short sword
  3066 | D:3      | Noticed a +0 short sword
  3071 | D:3      | Found a hide-covered altar of Uskayaw.
  3206 | D:4      | Noticed an acid dragon
  3216 | D:4      | HP: 1/43 [acid dragon (9)]
  3216 | D:4      | Slain by an acid dragon

Illustrated notes

Levels and vault maps discovered:
D:1:      evilmike_arrival_rings, layout_rooms
D:2:      layout_basic
D:3:      layout_loops_cross, nicolae_uskayaw_en_pointe, gup_sewer_entry_bowl
D:4:      layout_cave_pools, kennysheep_nondescript, uniq_robin

Skill      XL: |  1  2  3  4 |
---------------+-------------+-----
Fighting       | 4 |  4.4
Shields        | 4 |  4.5
Polearms       | 3 |  3.2
Armour         | 4 |  4.0
Dodging        | |  0.6
Stealth        | |  0.4

Action                   |  1- 3 |  4- 6 || total
-------------------------+-------+-------++-------
Melee: Trident           |   111 |   119 ||   230
Throw: Dart              |       |     1 ||     1
  Use: Scroll            |     3 |       ||     3
       Potion            |       |     2 ||     2
Armor: Scale mail        |    30 |    31 ||    61
Dodge: Dodged            |    33 |    40 ||    73
Block: Kite shield       |    36 |    44 ||    80

Table legend: (Time is in decaauts)
 A = Elapsed time spent in this place.
 B = Non-inter-level travel time spent in this place.
 C = Inter-level travel time spent in this place.
 D = Time resting spent in this place.
 E = Time spent auto-exploring this place.
 F = Levels seen in this place.
 G = Mean time per level.
                   A        B        C        D        E       F      G
               +--------+--------+--------+--------+--------+-----+--------+
         Total |   3346 |   3232 |    114 |    859 |   1769 |   5 |  669.2 |
       Dungeon |   2611 |   2497 |    114 |    451 |   1622 |   4 |  652.8 |
         Sewer |    734 |    734 |      0 |    408 |    147 |   1 |  734.0 |
               +--------+--------+--------+--------+--------+-----+--------+

Top non-repeatable levels by time:
     D:3: 1045 daAuts
     D:1: 845 daAuts
   Sewer: 734 daAuts
     D:2: 708 daAuts
     D:4: 11 daAuts
